 Dungeon Crawl Stone Soup version 0.17.0-26-gececa24 (webtiles) character file.

178 MDvedh the Cudgeler (level 5, -4/48 HPs)
             Began as an Ogre Arcane Marksman on Nov 20, 2015.
             Slain by Horow's ghost (18 damage)
             ... on level 3 of the Dungeon.
             The game lasted 00:03:56 (1977 turns).

MDvedh the Cudgeler (Ogre Arcane Marksman)          Turns: 1977, Time: 00:03:57

Health: -4/48      AC:  4    Str: 16    XL:     5   Next: 58%
Magic:  6/6        EV: 10    Int: 12    God:
Gold:   73         SH:  0    Dex: 10    Spells: 1 memorised, 5 levels left

rFire  . . .     SeeInvis .     g - +1 mace (holy)
rCold  . . .     Clarity  .     a - +0 robe
rNeg   . . .     SustAt   .     (no shield)
rPois  .         Gourm    .     (helmet restricted)
rElec  .         Spirit   .     h - +0 cloak
rCorr  .         Warding  .     (gloves unavailable)
rMut   .         Stasis   .     (boots unavailable)
MR     +....                    (no amulet)
Stlth  +.........               (no ring)
                                r - ring of protection from magic

@: somewhat resistant to hostile enchantments, very unstealthy
A: unfitting armour, tough skin 1
a: no special abilities


You were on level 3 of the Dungeon.
You were hungry.

You visited 1 branch of the dungeon, and saw 3 of its levels.

You collected 73 gold pieces.

Inventory:

Hand Weapons
 g - a +1 mace of holy wrath (weapon)
Armour
 a - a +0 robe (worn)
 h - a +0 cloak (worn)
Jewellery
 r - a ring of protection from magic (left hand)
Wands
 t - a wand of slowing (10)
Scrolls
 f - 4 scrolls of identify {unknown}
 i - 4 scrolls of blinking {unknown}
 j - 3 scrolls of teleportation {unknown}
 k - a scroll of magic mapping {unknown}
 n - a scroll of noise {unknown}
 p - 2 scrolls of remove curse {unknown}
Potions
 l - a potion of brilliance {unknown}
 m - a potion of mutation {unknown}
 o - a potion of lignification {unknown}
 s - a potion of invisibility {unknown}
Books
 b - a book of Debilitation

   Spells                             Type                      Level
   a - Corona                         Hexes                        1
   b - Slow                           Hexes                        2
   c - Gell's Gravitas                Hexes/Translocation          3
   d - Inner Flame                    Hexes/Fire                   3
   e - Cause Fear                     Hexes                        4
   f - Leda's Liquefaction            Hexes/Earth                  4
Comestibles
 e - 4 bread rations
 q - a meat ration


   Skills:
 - Level 1.3 Fighting
 + Level 4.1 Maces & Flails
 + Level 3.9 Throwing
 - Level 1.8 Dodging
 - Level 1.2 Spellcasting
 - Level 2.6 Hexes


You had 5 spell levels left.
You knew the following spells:

 Your Spells              Type           Power        Failure   Level  Hunger
a - Corona                Hex            #......      12%         1    ##.....


Dungeon Overview and Level Annotations

Branches:
Dungeon (3/15)

Altars:
Cheibriados
Dithmenos

Annotations:
D:3 Horow's ghost, amateur TrBe


Innate Abilities, Weirdness & Mutations

You are too large for most types of armour.
You have tough skin (AC +1).


Message History

Throwing (i - inventory. (,) - cycle):
c - a large rock (quivered)
Press: ? - help, Shift-Dir - straight line, f/p - Horow's ghost
Aim: Horow's ghost (severely damaged)
You throw a large rock.
The large rock barely misses Horow's ghost.
Horow's ghost hits you!
* * * LOW HITPOINT WARNING * * *
Throwing (i - inventory):
d - 2 throwing nets (quivered)
Press: ? - help, Shift-Dir - straight line, f/p - Horow's ghost
Aim: Horow's ghost (severely damaged)
You throw a throwing net.
The throwing net barely misses Horow's ghost.
Horow's ghost hits you but does no damage.
Throwing (i - inventory):
d - a throwing net (quivered)
Press: ? - help, Shift-Dir - straight line, f/p - Horow's ghost
Aim: Horow's ghost (severely damaged)
You throw a throwing net.
The throwing net barely misses Horow's ghost.
Horow's ghost hits you!!
You die...

##.#### #..... #####. #.
#. #.# #. #.# #. #.#
###### #. ###.# #....# #.
...###@...############.
#.###.#.W.._.#............
#>W....(#....#.........###
#..##)###....#########.#
#.# ###### #.# #.# #.# #.#
##....##.# #.# #.#
.....##.# #.# #.# #
#.##.##.### #.# #.#


You could see Horow's ghost.

Vanquished Creatures
  An orc wizard (D:3)
  Jessica (D:2)
  Terence (D:2)
  4 adders
  A gnoll (D:3)
  An ooze (D:2)
  A giant gecko (D:1)
  3 orcs (D:3)
  4 ball pythons
  A giant cockroach (D:3)
  8 goblins
  9 hobgoblins
  2 kobolds
  A quokka (D:2)
  4 bats
  2 giant newts
  6 rats
50 creatures vanquished.

Notes
Turn   | Place    | Note
--------------------------------------------------------------
     0 | D:1      | MDvedh the Ogre Arcane Marksman began the quest for the Orb.
     0 | D:1      | Reached XP level 1. HP: 19/19 MP: 2/2
   180 | D:1      | Reached XP level 2. HP: 25/27 MP: 3/3
   266 | D:1      | Reached skill level 1 in Maces & Flails
   876 | D:2      | Reached XP level 3. HP: 28/33 MP: 4/4
  1185 | D:2      | Noticed Jessica
  1186 | D:2      | Killed Jessica
  1186 | D:2      | Reached skill level 3 in Maces & Flails
  1186 | D:2      | Reached XP level 4. HP: 38/41 MP: 5/5
  1332 | D:2      | Found a shadowy altar of Dithmenos.
  1351 | D:2      | Noticed Terence
  1358 | D:2      | Killed Terence
  1533 | D:3      | Reached XP level 5. HP: 44/48 MP: 6/6
  1727 | D:3      | Reached skill level 4 in Maces & Flails
  1908 | D:3      | Found a snail-covered altar of Cheibriados.
  1960 | D:3      | Noticed Horow's ghost (amateur TrBe)
  1977 | D:3      | Slain by Horow's ghost

Action                   |  1- 3 |  4- 6 || total
-------------------------+-------+-------++-------
Melee: Mace              |    88 |    72 ||   160
       Short sword       |     7 |       ||     7
       Unarmed           |     6 |       ||     6
Throw: Large rock        |     1 |     8 ||     9
       Throwing net      |       |     2 ||     2
  Eat: Chunk             |     1 |     2 ||     3
